 Dungeon Crawl Stone Soup version 0.23.2-11-gf996548c65 (webtiles) character file.

Game seed: 7430440477896263259

242 HASTUR3 the Covert (level 6, 0/42 HPs)
             Began as an Octopode Monk on June 4, 2019.
             Slain by an ice beast (8 damage)
             ... on level 4 of the Dungeon.
             The game lasted 00:14:44 (4039 turns).

HASTUR3 the Covert (Octopode Monk)                  Turns: 4039, Time: 00:14:45

Health: 0/42       AC:  1    Str: 12    XL:     6   Next: 9%
Magic:  6/6        EV: 15    Int: 15    God:
Gold:   170        SH:  0    Dex: 15    Spells: 5/5 levels left

rFire    + . .     SeeInvis .     - Unarmed
rCold    . . .     Gourm    .   (no shield)
rNeg     . . .     Faith    .   (helmet restricted)
rPois    .         Spirit   .   e - amulet of harm
rElec    .         Reflect  .   d - ring of protection from magic
rCorr    .         Harm     +   t - +3 ring of intelligence
MR       +....                  w - ring of protection from fire
Stlth    +++++.....             (no ring)
HPRegen  0.14/turn              (no ring)
MPRegen  0.10/turn              (no ring)
                                (no ring)
                                (no ring)

@: no status effects
A: almost no armour, stealthy swim, amphibious, 8 rings, constrict 8, camouflage
1, gelatinous body 1
a: no special abilities


You were on level 4 of the Dungeon.
You were hungry.

You visited 1 branch of the dungeon, and saw 4 of its levels.

You collected 170 gold pieces.

Inventory:

Jewellery
 c - a +2 amulet of reflection
 d - a ring of protection from magic (left tentacle)
 e - an amulet of harm (around mantle)
 t - a +3 ring of intelligence (right tentacle)
 w - a ring of protection from fire (on tentacle)
Wands
 v - a wand of iceblast (6)
Scrolls
 g - a scroll of teleportation
 h - 3 scrolls of enchant weapon
 i - 2 scrolls of identify
 k - a scroll of fear {unknown}
 l - a scroll of amnesia {unknown}
 m - a scroll of random uselessness {unknown}
 q - 2 scrolls of remove curse
 u - a scroll of fog {unknown}
Potions
 b - a potion of magic {unknown}
 f - a potion of might {unknown}
 j - 2 potions of curing {unknown}
 n - a potion of heal wounds {unknown}
 p - a potion of flight {unknown}
 r - a potion of cancellation {unknown}
 s - 2 potions of degeneration {unknown}
Comestibles
 a - 12 rations


   Skills:
 - Level 3.0 Fighting
 * Level 3.5 Dodging
 + Level 8.2 Stealth
 + Level 3.2 Unarmed Combat


You had 5 spell levels left.
You didn't know any spells.
Your spell library was empty.

Dungeon Overview and Level Annotations

Branches:
Dungeon (4/15)
 Temple: D:4-7

Altars:
Fedhas
Trog

Annotations:
D:4 3 runed translucent doors, DKeggars's ghost, amateur MiBe


Innate Abilities, Weirdness & Mutations

You cannot wear most types of armour.
You are very stealthy in the water. (Stealth+)
You are amphibious.
You can wear up to eight rings at the same time.
You can use your tentacles to constrict eight enemies at once.
Your skin changes colour to match your surroundings (Stealth+).
Your rubbery body absorbs attacks. (AC +1, EV +1)


Message History

The ice beast is too close now for your liking.
You tentacle-slap the ice beast.
The ice beast is heavily wounded.
The ice beast misses you.
You barely miss the ice beast.
The ice beast is heavily wounded.
The ice beast hits you. The ice beast freezes you!
You tentacle-slap the ice beast but do no damage.
The ice beast is heavily wounded.
The ice beast misses you.
You tentacle-slap the ice beast but do no damage.
The ice beast is moderately wounded.
The ice beast hits you. The ice beast freezes you!
* * * LOW HITPOINT WARNING * * *
You closely miss the ice beast.
The ice beast is moderately wounded.
The ice beast hits you.
* * * LOW HITPOINT WARNING * * *
The ice beast freezes you!
You die...

...........................
..#........................
...........................
...........................
.#........................#
##.................$.).....
#.....#....................
....####..................#
....# ..#.....Y@.......#.#
. ...# ##.###............##
# .. ...###..#
##.#........## ... .......#
#..........# ...# .####..##
##...##...#####..... ..#
##..###..#####............
..# ##..##..# #.........###
#.## #..#...# #...........#
#..# ##..##...............#


You could see an ice beast.

Vanquished Creatures
  A hound (D:4)
  Ijyb (D:4)
  7 adders
  3 gnolls (D:3)
  5 worms
  3 dart slugs
  3 leopard geckos
  5 orcs
  5 bats
  2 giant cockroaches
  5 goblins
  6 hobgoblins
  10 jackals
  4 kobolds
  2 quokkas
  3 frilled lizards
  3 rats
68 creatures vanquished.

Notes
Turn   | Place    | Note
-------+----------+-------------------------------------------
     0 | D:1      | HASTUR3 the Octopode Monk began the quest for the Orb.
     0 | D:1      | Reached XP level 1. HP: 16/16 MP: 1/1
    25 | D:1      | Reached skill level 3 in Stealth
   541 | D:1      | Reached XP level 2. HP: 21/21 MP: 2/2
   641 | D:1      | Reached skill level 4 in Stealth
   756 | D:2      | Found a blossoming altar of Fedhas.
   880 | D:2      | Reached XP level 3. HP: 20/26 MP: 3/3
  1051 | D:2      | Reached skill level 5 in Stealth
  1299 | D:2      | Reached skill level 6 in Stealth
  1299 | D:2      | Reached XP level 4. HP: 31/31 MP: 4/4
  1955 | D:3      | Reached skill level 7 in Stealth
  2442 | D:3      | Reached XP level 5. HP: 36/36 MP: 5/5
  2803 | D:3      | Found a bloodstained altar of Trog.
  3447 | D:4      | Found a runed translucent gate.
  3447 | D:4      | Found a runed translucent gate.
  3447 | D:4      | Found a runed translucent gate.
  3448 | D:4      | Noticed a big kobold
  3448 | D:4      | Noticed DKeggars's ghost (amateur MiBe)
  3449 | D:4      | Noticed a big kobold
  3465 | D:4      | Reached skill level 8 in Stealth
  3469 | D:4      | Noticed an ice beast
  3652 | D:4      | Noticed Ijyb
  3663 | D:4      | Killed Ijyb
  3663 | D:4      | Reached XP level 6. HP: 33/42 MP: 6/6
  4039 | D:4      | Slain by an ice beast

Skill      XL: |  1  2  3  4  5 |
---------------+----------------+-----
Stealth        | 3 4 6 7 8 |  8.2
Fighting       | |  3.0
Dodging        | |  3.5
Unarmed Combat | |  3.2

Action                   |  1- 3 |  4- 6 || total
-------------------------+-------+-------++-------
Melee: Unarmed           |    55 |   108 ||   163
       Tentacles         |    17 |    21 ||    38
       Constrict         |    22 |    32 ||    54
       Punch             |     1 |     3 ||     4
  Use: Scroll            |       |     3 ||     3
 Stab: Sleeping          |     7 |    10 ||    17
  Eat: Chunk             |     1 |     8 ||     9
Armor: Skin              |     1 |     8 ||     9
Dodge: Dodged            |    29 |    62 ||    91
